 Dungeon Crawl Stone Soup version 0.30-a0-1094-g860fb061e7 (webtiles) character file.

Game seed: 8804596228180715158

49 lunkers the Slasher (level 4, -9/38 HPs)
             Began as a Meteoran Fighter on Apr 17, 2023.
             Was an Initiate of Yredelemnul.
             Mangled by an ogre
             ... wielding a +0 giant club
              (26 damage)
             ... on level 3 of the Dungeon.
             The game lasted 00:01:05 (670 turns).

lunkers the Slasher (Meteoran Fighter)               Turns: 670, Time: 00:01:05

Health: -9/38      AC:  6    Str: 24    XL:     4   Next: 20%
Magic:  5/5        EV:  9    Int: 15    God:    Yredelemnul [......]
Gold:   36         SH:  5    Dex: 15    Spells: 3/3 levels left

rFire   . . .      SeeInvis .    a - +0 long sword
rCold   . . .      Faith    .    c - +0 buckler
rNeg    . . .      Spirit   .    b - +0 scale mail
rPois   .          Reflect  .    (no helmet)
rElec   .          Rampage  .    (no cloak)
rCorr   .                        (no gloves)
Will    .....                    (no boots) Stlth
                                 (no amulet)
HPRegen 0.26/turn                g - +6 ring of strength
MPRegen 0.09/turn                j - +6 ring of intelligence

@: glowing
A: sense surroundings 1, otherworldly, glowing, explore regen
a: Renounce Religion, Recall Undead Harvest


You were on level 3 of the Dungeon.
You worshipped Yredelemnul.
Yredelemnul was noncommittal.
You visited 1 branch of the dungeon, and saw 3 of its levels.

You collected 36 gold pieces.

Inventory:

Hand Weapons
 a - a +0 long sword (weapon)
Armour
 b - a +0 scale mail (worn)
 c - a +0 buckler (worn)
Jewellery
 g - a +6 ring of strength (left hand)
 j - a +6 ring of intelligence (right hand)
Scrolls
 e - 4 scrolls of fog {unknown}
 f - a scroll of enchant weapon {unknown}
 h - a scroll of noise {unknown}
 i - a scroll of immolation {unknown}
Potions
 d - a potion of might


   Skills:
 - Level 3.2 Fighting
 + Level 4.8 Long Blades
 - Level 3.6 Armour
 - Level 3.6 Shields


You had 3 spell levels left.
You didn't know any spells.
Your spell library contained the following spells:

 Spells                   Type           Power      Damage    Failure   Level
 Shock                    Conj/Air       0%         1d3       65%         1
 Sublimation of Blood     Necr           0%         N/A       78%         2
 Wereblood                Tmut           0%         N/A       78%         2
 Swiftness                Air            0%         N/A       95%         3
 Airstrike                Air            0%         2d(0-16)  100%        4
 Ozocubu's Refrigeration  Ice            0%         4d7       100%        7
 Summon Hydra             Summ           0%         N/A       100%        7
 Polar Vortex             Ice            0%         N/A       100%        9
 Simulacrum               Ice/Necr       Unusable   N/A       N/A         6

Dungeon Overview and Level Annotations

Branches:
Dungeon (3/15) Zot: 1113

Altars:
Yredelemnul


Innate Abilities, Weirdness & Mutations

You passively map a small area around you.
You are easily found by Zot.
You glow in the dark.
You regain HP and MP as you explore.


Message History

You climb downwards.
Your mindless puppets stay behind to rot.
You hear the sound of rushing water.
There is an entrance to a sewer on this level.
Hurry and find it before the portal rusts away!
There is a stone staircase leading up here.
A gnoll, an ogre and a rat come into view.
Found a sling.
The gnoll shouts!
The ogre shouts!
You hear a shout!
There are monsters nearby!
A gnoll comes into view. It is wielding a +0 spear.
Okay, then.
You barely miss the rat.
The gnoll shouts!
You hear a shout! x2
A kobold comes into view. It is wielding a +1 dagger of speed.
A gnoll comes into view. It is wielding a +0 spear.
The rat completely misses you.
The gnoll shouts!
Okay, then.
You hear an angry hiss.
There is a stone staircase leading up here.
You barely miss the rat. The rat bites you.
You hit the rat.
You kill the rat!
You hit the ogre but do no damage. The ogre misses you.
You block the gnoll's attack.
You hit the ogre.
The ogre is lightly wounded.
The ogre barely misses you.
You slash the ogre!
The ogre is heavily wounded.
The ogre hits you with a +0 giant club!!
Ouch! That really hurt!
* * * LOW HITPOINT WARNING * * *
You slash the ogre!
The ogre is severely wounded.
You block the gnoll's attack.
The ogre hits you with a +0 giant club!!
Ouch! That really hurt!
You die...
Your body rises from the dead as a mindless zombie.

#K * #, , **
**** #. . , ,
,, gg###. * **
* #)...,, *
#...#*, ,* *
#### ...# ,
...., #..# ,* ,
*#..####g.##.#
, ,
#...@Ogg....# *
##.####........
#. ##.#####. ..
, .# * ## * ##
* , , *, , , ,
, ,* * , *


You could see an ogre and 3 gnolls.

Vanquished Creatures
  Natasha (D:2)
  A dart slug (D:1)
  A ball python (D:1)
  3 endoplasms
  A giant cockroach (D:1)
  A hobgoblin (D:2)
  4 jackals (D:1)
  2 bats
  A frilled lizard (D:1)
  2 kobolds
  3 rats
20 creatures vanquished.

Vanquished Creatures (collateral kills)
  A frilled lizard (D:1)
1 creature vanquished.

Grand Total: 21 creatures vanquished

Notes
Turn   | Place    | Note
-------+----------+-------------------------------------------
     0 | D:1      | lunkers the Meteoran Fighter began the quest for the Orb.
     0 | D:1      | Reached XP level 1. HP: 19/19 MP: 2/2
    88 | D:1      | Found a faded altar of an unknown god.
    95 | D:1      | Prayed at the altar of an unknown god.
    95 | D:1      | Became a worshipper of Yredelemnul the Dark
    95 | D:1      | Reached * piety under Yredelemnul
   106 | D:1      | Reached skill level 3 in Long Blades
   106 | D:1      | Reached XP level 2. HP: 26/26 MP: 3/3
   341 | D:2      | Noticed Natasha
   348 | D:2      | Killed Natasha
   349 | D:2      | Reached skill level 4 in Long Blades
   349 | D:2      | Reached XP level 3. HP: 26/31 MP: 4/4
   349 | D:2      | Reached XP level 4. HP: 31/38 MP: 5/5
   659 | D:3      | Noticed an ogre
   670 | D:3      | Mangled by an ogre

Illustrated notes

Levels and vault maps discovered:
D:1:      onia_arrival_mini_spirals, layout_loops_cross, basic_ecumenical_altar
D:2:      cheibrodos_helix_gallery, layout_basic, uniq_sigmund, uniq_natasha
D:3:      layout_loops_ring, mainiacjoe_overflow_small_starburst,
          portal_sewer_entry_e

Skill      XL: |  1  2 |
---------------+-------+-----
Long Blades    | 3 4 |  4.8
Fighting       | |  3.2
Armour         | |  3.6
Shields        | |  3.6

Action                     |  1- 3 |  4- 6 || total
---------------------------+-------+-------++-------
  Melee: Long sword        |    31 |    24 ||    55
 Armour: Scale mail        |    15 |     7 ||    22
  Dodge: Dodged            |    16 |     9 ||    25
  Block: Buckler           |     9 |     5 ||    14

Table legend: (Time is in decaauts)
 A = Elapsed time spent in this place.
 B = Non-inter-level travel time spent in this place.
 C = Inter-level travel time spent in this place.
 D = Time resting spent in this place.
 E = Time spent auto-exploring this place.
 F = Levels seen in this place.
 G = Mean time per level.
                   A        B        C        D        E       F      G
               +--------+--------+--------+--------+--------+-----+--------+
         Total |    685 |    662 |     23 |      0 |    505 |   3 |  228.3 |
       Dungeon |    685 |    662 |     23 |      0 |    505 |   3 |  228.3 |
               +--------+--------+--------+--------+--------+-----+--------+

Top non-repeatable levels by time:
     D:1: 338 daAuts
     D:2: 332 daAuts
     D:3: 14 daAuts
